 Dungeon Crawl Stone Soup version 0.26-a0-64-g059e62fbdb (webtiles) character file.

Game seed: 13961036249820103525

306 Apogee the Magician (level 6, 0/48 HPs)
             Began as a Mummy Necromancer on June 10, 2020.
             Slain by a killer bee (4 damage)
             ... on level 3 of the Dungeon.
             The game lasted 00:11:40 (3423 turns).

Apogee the Magician (Mummy Necromancer)             Turns: 3423, Time: 00:11:40

Health: 0/48       AC:  3    Str: 11    XL:     6   Next: 16%
Magic:  11/13      EV: 12    Int: 13    God:
Gold:   99         SH:  0    Dex: 12    Spells: 14/15 levels left

rFire    x . .     SeeInvis .   c - +0 spear
rCold    + . .     Gourm    .   (no shield)
rNeg     + + +     Faith    .   a - +0 robe
rPois    ∞         Spirit   .   (no helmet)
rElec    .         Reflect  .   (no cloak)
rCorr    .         Harm     .   f - +0 pair of gloves
MR       .....                  (no boots)
Stlth    ++........             (no amulet)
HPRegen  0.16/turn              h - -4 ring of intelligence (curse)
MPRegen  0.13/turn              (no ring)

@: very slightly contaminated
A: no food or potions, fire vulnerability, cold resistance 1, negative energy
resistance 3, torment resistance, unbreathing
a: no special abilities


You were on level 3 of the Dungeon.
You were not hungry.

You visited 1 branch of the dungeon, and saw 4 of its levels.

You collected 99 gold pieces.

Inventory:

Hand Weapons
 c - a +0 spear (weapon)
Missiles
 e - 125 stones
 g - 11 poisoned darts (quivered)
Armour
 a - a +0 robe (worn)
 f - a +0 pair of gloves (worn)
Jewellery
 h - a cursed -4 ring of intelligence (left hand)
Scrolls
 b - a scroll of identify
 i - a scroll of remove curse {unknown}


   Skills:
 - Level 4.0 Fighting
 - Level 1.5 Dodging
 - Level 2.0 Stealth
 + Level 5.0 Spellcasting
 + Level 4.7 Necromancy


You had 14 spell levels left.
You knew the following spells:

 Your Spells              Type           Power        Failure   Level  Hunger
a - Pain                  Necr           ###.         2%          1    N/A

Your spell library contained the following spells:

 Spells                   Type           Power        Failure   Level  Hunger
 Animate Skeleton         Necr           N/A          2%          1    N/A
 Vampiric Draining        Necr           ###.......   8%          3    N/A
 Animate Dead             Necr           N/A          26%         4    N/A
 Agony                    Necr           ###.....     58%         5    N/A

Dungeon Overview and Level Annotations

Branches:
Dungeon (4/15)
 Temple: D:4-7

Altars:
Nemelex Xobeh


Innate Abilities, Weirdness & Mutations

You do not eat or drink.
Your flesh is vulnerable to fire.
You are immune to poison.
Your flesh is cold resistant. (rC+)
You are immune to negative energy. (rN+++)
You are immune to unholy pain and torment.
You can survive without breathing.


Message History

The killer bee stings you! The killer bee closely misses you.
Fire/throw which item? (* to show all) (? for menu, Esc to quit)
Throwing (i - inventory. (/) - cycle)
g - 12 poisoned darts (quivered)
Press: ? - help, Shift-Dir - straight line, f/p - killer bee
Aim: a killer bee You throw a poisoned dart.
The poisoned dart misses the killer bee.
The killer bee barely misses you. The killer bee stings you!
* * * LOW HITPOINT WARNING * * *
Blink to where?
Press: ? - help, Dir - move target cursor, p - killer bee You are very lightly contaminated with residual magic.
As you read the scroll of blinking, it crumbles to dust.
The killer bee misses you. The killer bee misses you.
The killer bee stings you!
* * * LOW HITPOINT WARNING * * *
The killer bee stings you.
You die...

##....### #.....
##.)##...# #.....
#.)#####.#####.....
######)## #..##.......
#......# ##..#.#.....
#.....## ##....####.#
#...<.# ##....## #..
#....)######..##.######.
#......@yy..........§...
#.....##.#############(#
#.....##.# #)#
#.....##.# #.#
########.# #(# #.# #..
### ##.#### #...
...>#.....## #.##
............## #.. #


You could see 2 killer bees.

Vanquished Creatures
  An ogre (D:3)
  A killer bee (D:3)
  A howler monkey (D:3)
  5 adders
  An ooze (D:2)
  2 worms (D:2)
  A dart slug (D:2)
  7 orcs
  3 ball pythons
  7 bats
  8 giant cockroaches
  7 hobgoblins
  3 jackals (D:2)
  16 kobolds
  A quokka (D:2)
  5 frilled lizards
  7 goblins
  6 rats
82 creatures vanquished.

Vanquished Creatures (others)
  A plant (D:1)
1 creature vanquished.

Grand Total: 83 creatures vanquished

Notes
Turn   | Place    | Note
-------+----------+-------------------------------------------
     0 | D:1      | Apogee the Mummy Necromancer began the quest for the Orb.
     0 | D:1      | Reached XP level 1. HP: 13/13 MP: 4/4
   113 | D:1      | Reached skill level 3 in Spellcasting
   249 | D:1      | Reached XP level 2. HP: 19/19 MP: 3/6
   804 | D:1      | Reached skill level 4 in Spellcasting
  1232 | D:1      | Reached XP level 3. HP: 25/25 MP: 6/8
  1314 | D:1      | Reached skill level 1 in Fighting
  1564 | D:2      | Reached XP level 4. HP: 34/34 MP: 7/10
  2173 | D:2      | You fall into a shaft and drop 2 floors!
  2188 | D:4      | Noticed an ogre
  2199 | D:3      | Noticed an ogre
  2439 | D:2      | Found a sparkling altar of Nemelex Xobeh.
  2851 | D:3      | Reached XP level 5. HP: 42/42 MP: 0/11
  3068 | D:3      | Killed an ogre
  3412 | D:3      | Reached skill level 5 in Spellcasting
  3412 | D:3      | Reached XP level 6. HP: 25/48 MP: 9/13
  3423 | D:3      | Slain by a killer bee

Illustrated notes

Levels and vault maps discovered:
D:1:      grunt_arrival_lava_bath, layout_basic, roderic_lattice_a,
          corexii_item_surrounded_by_moat, lexackson_kobold_supper
D:2:      layout_rooms, first_ration, st_stairs_11, nemelex_dance_club_becter
D:3:      layout_rooms
D:4:      layout_cave_pools, minmay_misc_feat_four_crosses,
          corexii_leaking_fountain, minmay_misc_feat_iff, uniq_blork_the_orc

Skill      XL: |  1  2  3  4  5 |
---------------+----------------+-----
Spellcasting   | 3 4 5 |  5.0
Stealth        | 2 |  2.0
Fighting       | 2 4 |  4.0
Dodging        | |  1.5
Necromancy     | |  4.7

Action                   |  1- 3 |  4- 6 || total
-------------------------+-------+-------++-------
Melee: Spear             |    27 |    72 ||    99
Throw: Stone             |       |     1 ||     1
       Dart              |       |     3 ||     3
 Cast: Pain              |    59 |    91 ||   150
  Use: Scroll            |       |     3 ||     3
 Stab: Sleeping          |       |     1 ||     1
Armor: Robe              |     6 |    17 ||    23
Dodge: Dodged            |    28 |    66 ||    94

Table legend:
 A = Non-vault XP
 B = Vault XP
 C = Vault XP percentage of total XP
 D = Non-vault monster count
 E = Vault monster count
 F = Vault count percentage of total count
                 A         B        C        D         E       F
            +---------+---------+-------+---------+---------+-------
      Total |     393 |      45 |  10.3 |      72 |      10 |  12.2
            +---------+---------+-------+---------+---------+-------
        D:1 |      37 |       7 |  15.9 |      21 |       5 |  19.2
        D:2 |      80 |      38 |  32.2 |      29 |       5 |  14.7
        D:3 |     276 |       0 |   0.0 |      22 |       0 |   0.0
            +---------+---------+-------+---------+---------+-------
